[ AOE2 MATCH · #485098685 ]
UnrankedSlavs vs Byzantines
Player's team · WIN
Rival team · LOSS
[ REPLAY ANALYSIS · EXTRACTED FROM THE RECORDED GAME ]
Feudal
14:43
Castle
18:43
Imperial
39:15
| APM avg | 27.5 |
| APM peak | 63 |
| eAPM avg | 22.7 |
| Villagers / military | 148 / 288 |
Focus
⚔️ 39.8% · 🌾 60.2%
Spearman ×255 · Knight ×9 · Scorpion ×9 · Trebuchet (Packed) ×5 · Battering Ram ×4 · Scout Cavalry ×4
Feudal
9:27
Castle
22:18
Imperial
39:59
| APM avg | 41.0 |
| APM peak | 86 |
| eAPM avg | 21.6 |
| Villagers / military | 132 / 104 |
Focus
⚔️ 27.2% · 🌾 72.8%
Archer ×45 · Spearman ×31 · Cataphract ×11 · Camel Scout ×10 · Scout Cavalry ×3 · Trebuchet (Packed) ×2
Match map
Initial resources + every placement click. Lines = walls · curves = elevation contours. ◆ gold · ⬟ stone · ● berries · ✦ relic · ◌ wall gap
Your base· Open — unwalled flank
局势不受掌控's base· Open — 6t gap
Smoothed initial terrain · ◌ = detected wall gap · hover for details
Inputs per minute
— LeinaD - - 局势不受掌控
Build order — LeinaD
First 150 of 604 actions detected
| 0:03 | Research | Loom |
| 0:03 | Create | Villager (Male) |
| 0:04 | Create | Villager (Male) |
| 0:04 | Create | Villager (Male) |
| 0:04 | Create | Villager (Male) |
| 0:04 | Create | Villager (Male) |
| 0:09 | Build | House |
| 0:32 | Build | House |
| 0:54 | Build | House |
| 1:54 | Create | Villager (Male) |
| 2:28 | Create | Villager (Male) |
| 2:44 | Create | Villager (Male) |
| 2:55 | Create | Villager (Male) |
| 3:11 | Create | Villager (Male) |
| 3:45 | Create | Villager (Male) |
| 4:24 | Create | Villager (Male) |
| 4:24 | Create | Villager (Male) |
| 4:24 | Create | Villager (Male) |
| 4:44 | Build | Lumber Camp |
| 4:54 | Create | Villager (Male) |
| 5:14 | Create | Villager (Male) |
| 5:50 | Create | Villager (Male) |
| 6:26 | Build | House |
| 6:28 | Create | Villager (Male) |
| 6:48 | Create | Villager (Male) |
| 6:49 | Create | Villager (Male) |
| 7:01 | Build | House |
| 7:04 | Build | House |
| 7:25 | Build | Lumber Camp |
| 7:39 | Create | Villager (Male) |
| 7:39 | Create | Villager (Male) |
| 7:47 | Build | House |
| 8:01 | Create | Villager (Male) |
| 8:02 | Create | Villager (Male) |
| 8:14 | Build | House |
| 8:15 | Build | House |
| 8:18 | Build | House |
| 8:35 | Create | Villager (Male) |
| 9:01 | Create | Villager (Male) |
| 9:06 | Build | Mill |
| 9:19 | Create | Villager (Male) |
| 9:30 | Build | Palisade Wall |
| 9:35 | Create | Villager (Male) |
| 10:01 | Create | Villager (Male) |
| 10:09 | Build | Farm |
| 10:10 | Build | Farm |
| 10:10 | Build | Farm |
| 10:12 | Build | Farm |
| 10:13 | Build | Farm |
| 10:14 | Build | Farm |
| 10:16 | Build | Farm |
| 10:17 | Build | Farm |
| 10:28 | Build | Farm |
| 10:29 | Build | Farm |
| 11:06 | Create | Villager (Male) |
| 11:25 | Build | Barracks |
| 11:35 | Create | Villager (Male) |
| 11:41 | Build | House |
| 11:46 | Build | Farm |
| 11:47 | Build | Farm |
| 11:50 | Create | Villager (Male) |
| 12:18 | Research | Feudal Age |
| 12:36 | Build | Mining Camp |
| 12:40 | Create | Villager (Male) |
| 14:43 | Age | Feudal Age |
| 14:44 | Research | Wheelbarrow |
| 14:50 | Build | Stable |
| 14:57 | Build | Blacksmith |
| 15:08 | Build | Stable |
| 15:11 | Build | Stable |
| 15:21 | Research | Gold Mining |
| 15:31 | Create | Spearman |
| 15:47 | Create | Spearman |
| 16:01 | Create | Spearman |
| 16:03 | Research | Castle Age |
| 16:38 | Research | Double-Bit Axe |
| 16:41 | Research | Horse Collar |
| 17:32 | Create | Spearman |
| 18:01 | Research | Bloodlines |
| 18:06 | Create | Scout Cavalry |
| 18:06 | Create | Scout Cavalry |
| 18:10 | Create | Villager (Male) |
| 18:43 | Age | Castle Age |
| 18:46 | Research | Hand Cart |
| 18:55 | Research | Squires |
| 18:58 | Create | Knight |
| 19:01 | Create | Villager (Male) |
| 19:39 | Create | Villager (Male) |
| 20:05 | Create | Villager (Male) |
| 20:11 | Create | Villager (Male) |
| 20:14 | Research | Bow Saw |
| 20:41 | Create | Villager (Male) |
| 20:48 | Create | Villager (Male) |
| 20:57 | Create | Knight |
| 20:57 | Create | Knight |
| 20:59 | Create | Villager (Male) |
| 21:00 | Create | Villager (Male) |
| 21:09 | Build | Farm |
| 21:17 | Create | Villager (Male) |
| 21:26 | Build | Siege Workshop |
| 21:52 | Create | Villager (Male) |
| 22:03 | Build | House |
| 22:14 | Create | Mangonel |
| 22:21 | Create | Villager (Male) |
| 22:27 | Research | Husbandry |
| 22:28 | Create | Knight |
| 22:28 | Create | Knight |
| 22:34 | Build | House |
| 22:42 | Create | Villager (Male) |
| 22:48 | Build | Town Center |
| 22:56 | Create | Villager (Male) |
| 23:12 | Create | Villager (Male) |
| 23:20 | Create | Mangonel |
| 23:29 | Create | Scout Cavalry |
| 23:29 | Create | Scout Cavalry |
| 23:51 | Build | Mining Camp |
| 23:56 | Create | Villager (Male) |
| 23:56 | Create | Villager (Male) |
| 23:58 | Create | Villager (Male) |
| 23:59 | Create | Villager (Male) |
| 23:59 | Create | Villager (Male) |
| 24:15 | Build | Farm |
| 24:17 | Build | Farm |
| 24:18 | Build | Farm |
| 24:21 | Create | Villager (Male) |
| 24:27 | Create | Knight |
| 24:27 | Create | Knight |
| 24:42 | Create | Villager (Male) |
| 24:48 | Research | Stone Mining |
| 24:52 | Create | Villager (Male) |
| 25:03 | Create | Villager (Male) |
| 25:10 | Create | Knight |
| 25:10 | Create | Knight |
| 25:15 | Create | Villager (Male) |
| 25:21 | Create | Spearman |
| 25:29 | Create | Battering Ram |
| 25:35 | Create | Villager (Male) |
| 26:03 | Build | Town Center |
| 26:06 | Build | Farm |
| 26:08 | Build | Farm |
| 26:08 | Build | Farm |
| 26:09 | Build | Farm |
| 26:11 | Build | Farm |
| 26:12 | Build | Farm |
| 26:13 | Build | Farm |
| 26:14 | Build | Farm |
| 26:15 | Build | Farm |
| 26:19 | Create | Villager (Male) |
| 26:19 | Create | Villager (Male) |
| 26:35 | Create | Villager (Male) |
Build order — 局势不受掌控
First 150 of 392 actions detected
| 0:01 | Create | Villager (Male) |
| 0:01 | Create | Villager (Male) |
| 0:01 | Create | Villager (Male) |
| 0:02 | Create | Villager (Male) |
| 0:02 | Build | House |
| 0:04 | Build | House |
| 1:24 | Create | Villager (Male) |
| 1:24 | Create | Villager (Male) |
| 1:56 | Create | Villager (Male) |
| 1:56 | Create | Villager (Male) |
| 2:14 | Build | Lumber Camp |
| 2:18 | Create | Villager (Male) |
| 2:19 | Create | Villager (Male) |
| 2:38 | Create | Villager (Male) |
| 2:38 | Create | Villager (Male) |
| 3:06 | Create | Villager (Male) |
| 3:07 | Create | Villager (Male) |
| 3:31 | Build | House |
| 3:34 | Create | Villager (Male) |
| 3:34 | Create | Villager (Male) |
| 3:45 | Create | Villager (Male) |
| 3:45 | Create | Villager (Male) |
| 4:17 | Create | Villager (Male) |
| 4:17 | Create | Villager (Male) |
| 4:45 | Create | Villager (Male) |
| 4:46 | Create | Villager (Male) |
| 4:57 | Build | Mill |
| 5:17 | Create | Villager (Male) |
| 5:18 | Create | Villager (Male) |
| 5:18 | Create | Villager (Male) |
| 5:46 | Create | Villager (Male) |
| 5:49 | Create | Villager (Male) |
| 5:49 | Create | Villager (Male) |
| 6:28 | Create | Villager (Male) |
| 6:28 | Create | Villager (Male) |
| 6:29 | Create | Villager (Male) |
| 6:33 | Build | Mill |
| 6:46 | Research | Loom |
| 6:50 | Build | House |
| 6:53 | Create | Villager (Male) |
| 6:53 | Create | Villager (Male) |
| 6:53 | Create | Villager (Male) |
| 7:17 | Research | Feudal Age |
| 7:44 | Create | Villager (Male) |
| 8:35 | Build | Barracks |
| 9:14 | Build | House |
| 9:22 | Build | Palisade Wall |
| 9:27 | Age | Feudal Age |
| 9:38 | Create | Villager (Male) |
| 9:47 | Create | Villager (Male) |
| 9:49 | Research | Double-Bit Axe |
| 9:58 | Create | Spearman |
| 10:39 | Build | Stable |
| 10:41 | Create | Villager (Male) |
| 10:45 | Create | Villager (Male) |
| 10:59 | Create | Villager (Male) |
| 11:20 | Create | Villager (Male) |
| 11:41 | Create | Villager (Male) |
| 11:42 | Create | Scout Cavalry |
| 12:15 | Create | Scout Cavalry |
| 12:17 | Create | Villager (Male) |
| 12:38 | Create | Villager (Male) |
| 12:42 | Create | Villager (Male) |
| 12:44 | Build | Farm |
| 12:45 | Build | Farm |
| 12:54 | Build | House |
| 12:59 | Build | House |
| 13:04 | Build | Farm |
| 13:09 | Create | Villager (Male) |
| 13:13 | Create | Scout Cavalry |
| 13:18 | Build | House |
| 13:19 | Build | House |
| 13:22 | Create | Villager (Male) |
| 13:39 | Build | Blacksmith |
| 13:42 | Build | Market |
| 13:47 | Create | Villager (Male) |
| 13:58 | Create | Villager (Male) |
| 14:01 | Build | Farm |
| 14:03 | Research | Horse Collar |
| 14:11 | Build | Mining Camp |
| 14:17 | Create | Villager (Male) |
| 14:20 | Build | Farm |
| 14:36 | Build | Farm |
| 14:38 | Build | Farm |
| 14:41 | Build | Farm |
| 14:43 | Create | Villager (Male) |
| 15:00 | Build | Farm |
| 15:07 | Create | Villager (Male) |
| 15:10 | Create | Villager (Male) |
| 15:31 | Build | Outpost |
| 15:44 | Create | Villager (Male) |
| 16:10 | Create | Villager (Male) |
| 16:16 | Create | Villager (Male) |
| 16:30 | Build | Outpost |
| 16:36 | Build | Farm |
| 16:44 | Build | Farm |
| 16:46 | Build | Farm |
| 16:47 | Create | Villager (Male) |
| 17:07 | Build | Mill |
| 17:30 | Build | Watch Tower |
| 17:41 | Research | Wheelbarrow |
| 17:44 | Build | House |
| 17:45 | Build | House |
| 17:49 | Build | House |
| 17:51 | Build | House |
| 17:53 | Build | House |
| 18:08 | Build | Lumber Camp |
| 18:11 | Build | Farm |
| 18:12 | Build | Farm |
| 18:12 | Build | Farm |
| 18:12 | Build | Farm |
| 18:12 | Build | Farm |
| 18:13 | Build | Farm |
| 18:13 | Build | Farm |
| 18:13 | Build | Farm |
| 18:14 | Build | Farm |
| 18:14 | Build | Farm |
| 18:14 | Build | Farm |
| 18:14 | Build | Farm |
| 18:27 | Create | Villager (Male) |
| 18:45 | Build | Archery Range |
| 18:49 | Build | Palisade Wall |
| 19:05 | Create | Spearman |
| 19:14 | Create | Spearman |
| 19:38 | Research | Castle Age |
| 19:50 | Build | Archery Range |
| 20:09 | Create | Archer |
| 20:19 | Build | House |
| 20:20 | Build | House |
| 20:21 | Build | House |
| 20:55 | Create | Archer |
| 20:58 | Create | Militia |
| 21:02 | Build | Palisade Wall |
| 21:05 | Create | Spearman |
| 21:20 | Create | Archer |
| 21:28 | Build | Mining Camp |
| 21:40 | Build | House |
| 22:15 | Build | Barracks |
| 22:18 | Age | Castle Age |
| 22:18 | Create | Archer |
| 22:21 | Create | Villager (Male) |
| 22:31 | Research | Crossbowman (upgrade) |
| 22:35 | Create | Villager (Male) |
| 22:45 | Build | Mining Camp |
| 22:47 | Create | Villager (Male) |
| 23:33 | Create | Spearman |
| 23:35 | Research | Squires |
| 23:37 | Create | Villager (Male) |
| 23:41 | Create | Villager (Male) |
| 23:47 | Research | Pikeman (upgrade) |
Match timeline
| 8:35 | 局势不受掌控 · first_building Barracks |
| 9:22 | 局势不受掌控 · wall_segment Palisade Wall x7 |
| 9:27 | 局势不受掌控 · age_up feudal |
| 9:30 | LeinaD · wall_segment Palisade Wall x3 |
| 10:39 | 局势不受掌控 · first_building Stable |
| 11:25 | LeinaD · first_building Barracks |
| 14:43 | LeinaD · age_up feudal |
| 14:50 | LeinaD · first_building Stable |
| 18:43 | LeinaD · age_up castle |
| 18:45 | 局势不受掌控 · first_building Archery Range |
| 18:49 | 局势不受掌控 · wall_segment Palisade Wall x1 |
| 21:02 | 局势不受掌控 · wall_segment Palisade Wall x12 |
| 21:26 | LeinaD · first_building Siege Workshop |
| 22:18 | 局势不受掌控 · age_up castle |
| 31:02 | 局势不受掌控 · first_building Castle |
| 32:16 | LeinaD · first_building Castle |
| 35:38 | 局势不受掌控 · first_building Monastery |
| 38:09 | 局势不受掌控 · wall_segment Palisade Wall x12 |
| 38:12 | 局势不受掌控 · wall_segment Palisade Wall x3 |
| 38:17 | 局势不受掌控 · wall_segment Palisade Wall x12 |
| 39:15 | LeinaD · age_up imperial |
| 39:59 | 局势不受掌控 · age_up imperial |
| 41:46 | 局势不受掌控 · first_market_sell 100 food |
| 45:28 | 局势不受掌控 · first_building Siege Workshop |
| 48:16 | 局势不受掌控 · resign |
[ AI ANALYSIS · 1 CREDIT ]
What really happened in this match?
Wolo.gg analyzes every decision: build order, eco, micro, common mistakes by bracket. Personalized analysis on WhatsApp or Discord in 30 seconds.
Civ guide
Slavs
Perfil
Jugador #17060486